 Dungeon Crawl Stone Soup version 0.22.1-1-ga44c0e5 (webtiles) character file.

1453 Folque the Slinger (level 9, -2/57 HPs)
             Began as a Halfling Hunter on Sept 24, 2018.
             Slain by a bullfrog (7 damage)
             ... on level 6 of the Dungeon.
             The game lasted 00:30:46 (6197 turns).

Folque the Slinger (Halfling Hunter)                Turns: 6197, Time: 00:30:48

Health: -2/57      AC:  5    Str: 20    XL:     9   Next: 5%
Magic:  0/9        EV: 18    Int:  9    God:
Gold:   233        SH:  0    Dex: 16    Spells: 6/8 levels left

rFire    . . .     SeeInvis .   w - +2 hunting sling
rCold    . . .     Gourm    .   (shield restricted)
rNeg     . . .     Faith    .   c - +0 leather armour
rPois    .         Spirit   +   j - +0 helmet
rElec    .         Reflect  .   (no cloak)
rCorr    .         Harm     .   z - +0 pair of gloves
MR       .....                  (no boots)
Stlth    ++........             h - amulet of guardian spirit
HPRegen  0.19/turn              (no ring)
MPRegen  0.11/turn              (no ring)

@: mighty, about to teleport
A: small, mutation resistance 1
a: no special abilities


You were on level 6 of the Dungeon.
You were not hungry.

You visited 1 branch of the dungeon, and saw 6 of its levels.

You collected 299 gold pieces.
You spent 66 gold pieces at shops.

Inventory:

Hand Weapons
 e - a +0 short sword
 u - a +1 blowgun
 w - a +2 hunting sling (weapon)
Missiles
 a - 132 stones
 o - 35 poisoned needles
 q - 17 sling bullets (quivered)
Armour
 c - a +0 leather armour (worn)
 j - a +0 helmet (worn)
 n - a +0 buckler
 z - a +0 pair of gloves (worn)
Jewellery
 h - an amulet of guardian spirit (around neck)
 v - an uncursed ring of ice
Scrolls
 d - a scroll of amnesia
 f - a scroll of summoning {unknown}
 i - 3 scrolls of teleportation
 l - a scroll of immolation
 m - a scroll of remove curse
 s - 2 scrolls of magic mapping
 y - 2 scrolls of enchant armour {unknown}
Potions
 b - 2 potions of curing {unknown}
 k - 3 potions of brilliance
 r - a potion of mutation {unknown}
 t - 2 potions of cancellation {unknown}
 x - 2 potions of agility {unknown}
 A - a potion of flight {unknown}


   Skills:
 - Level 3.2 Fighting
 - Level 4.0 Short Blades
 - Level 10.8(11.1) Slings
 - Level 2.6(5.5) Throwing
 + Level 2.4 Armour
 - Level 6.0 Dodging
 - Level 1.1 Stealth
 * Level 1.6 Shields


You had 6 spell levels left.
You knew the following spells:

 Your Spells              Type           Power        Failure   Level  Hunger
a - Call Imp              Summ           #.......     56%         2    ###....

Your spell library contained the following spells:

 Spells                   Type           Power        Failure   Level  Hunger
 Corona                   Hex            #......      43%         1    ##.....
 Magic Dart               Conj           #...         43%         1    ##.....
 Blink                    Tloc           N/A          56%         2    ###....
 Ensorcelled Hibernation  Hex/Ice        #.....       56%         2    ###....
 Slow                     Hex            #.......     56%         2    ###....
 Confuse                  Hex            #.......     80%         3    ####...
 Conjure Flame            Conj/Fire      #.......     80%         3    ####...
 Dazzling Spray           Conj/Hex       #.....       80%         3    ####...
 Mephitic Cloud           Conj/Pois/Air  #.......     80%         3    ####...
 Tukima's Dance           Hex            #.......     80%         3    ####...


Dungeon Overview and Level Annotations

Branches:
Dungeon (6/15)
 Temple: D:4-7

Altars:
Dithmenos
Gozag
Hepliaklqana
Makhleb
Nemelex Xobeh
Uskayaw
Vehumet
Wu Jian
Xom
The Shining One

Shops:
D:4 [   D:5 =***


Innate Abilities, Weirdness & Mutations

You are small and have problems with some larger weapons.
You are somewhat resistant to further mutation.


Message History

The bullfrog hits you.
* * * LOW HITPOINT WARNING * * *
As you read the scroll labeled ANOAPEOMIPT, it crumbles to dust.
You feel blessed for a moment.
It was a scroll of remove curse.
The bullfrog misses you. x2
The worker ant waves its antennae.
As you read the scroll labeled GOFOTRETEM, it crumbles to dust.
The creatures around you are filled with an inner flame!
It was a scroll of immolation.
The bullfrog hits you but does no damage.
As you read the scroll labeled QIS VAES DOREPS, it crumbles to dust.
You feel strangely unstable.
It was a scroll of teleportation.
The bullfrog hits you.
* * * LOW HITPOINT WARNING * * *
The bullfrog hits you.
* * * LOW HITPOINT WARNING * * *
You feel very mighty all of a sudden. The bullfrog misses you.
The bullfrog hits you!
You die...

#............รท.)....####
.....>#########..#.####
####### #........#.##.#
#.######.#....# #.#.##.#
# #.#..#.# #. ..#..#.#
.######..#.# ..#.@.....#
#.#F####### #.#Z## ##.
#.a(.# .....#J#(.#
#.......# ##..(....#
##(#..### .(?...#


You could see a bullfrog (inner flame), a jelly (inner flame), a worker ant and
a quokka zombie (inner flame).

Vanquished Creatures
  Duvessa (D:5)
  A black bear (D:6)
  2 phantoms (D:4)
  An orc warrior (D:6)
  An ice beast (D:5)
  A sky beast (D:3)
  A centaur (D:5)
  An ogre (D:3)
  A bullfrog (D:6)
  A scorpion (D:4)
  Dowan (D:5)
  A howler monkey (D:4)
  A crimson imp (D:4)
  2 hounds (D:5)
  An orc wizard (D:3)
  6 worker ants
  2 gnolls (D:5)
  6 adders
  A worm (D:2)
  A dart slug (D:2)
  4 leopard geckos
  14 orcs
  2 ball pythons
  2 giant cockroaches
  5 goblins
  7 hobgoblins
  2 quokkas
  3 bats
  4 frilled lizards
  2 goblin skeletons (D:4)
  A goblin zombie (D:4)
  2 hobgoblin zombies (D:4)
  8 kobolds
  An orc skeleton (D:4)
  An orc zombie (D:4)
  A quokka skeleton (D:5)
  A quokka zombie (D:5)
  10 rats
103 creatures vanquished.

Notes
Turn   | Place    | Note
-------+----------+-------------------------------------------
     0 | D:1      | Folque the Halfling Hunter began the quest for the Orb.
     0 | D:1      | Reached XP level 1. HP: 14/14 MP: 1/1
   105 | D:1      | Reached skill level 6 in Slings
   121 | D:1      | Reached XP level 2. HP: 2/19 MP: 2/2
   916 | D:2      | Reached XP level 3. HP: 25/25 MP: 3/3
   937 | D:2      | Noticed a dagger
   949 | D:2      | Noticed a dagger
   950 | D:2      | Found a hide-covered altar of Uskayaw.
  1235 | D:2      | Reached XP level 4. HP: 29/30 MP: 4/4
  1341 | D:2      | Found an opulent altar of Gozag.
  1341 | D:2      | Found a sparkling altar of Nemelex Xobeh.
  1511 | D:3      | Reached skill level 7 in Slings
  1985 | D:3      | Reached skill level 1 in Short Blades
  1985 | D:3      | Reached XP level 5. HP: 36/36 MP: 5/5
  2063 | D:3      | Learned a level 2 spell: Call Imp
  2143 | D:3      | Noticed a sky beast
  2198 | D:3      | Killed a sky beast
  2198 | D:3      | Reached XP level 6. HP: 19/42 MP: 6/6
  2350 | D:3      | Found a burning altar of Makhleb.
  2666 | D:4      | Found Cesmejoh's Antique Armour Boutique.
  2666 | D:4      | Noticed an ogre
  2696 | D:3      | Killed an ogre
  2696 | D:3      | Reached skill level 1 in Throwing
  2822 | D:4      | Reached XP level 7. HP: 46/46 MP: 7/7
  2942 | D:4      | Reached skill level 1 in Armour
  3023 | D:4      | Found a glowing golden altar of the Shining One.
  4144 | D:4      | Reached skill level 8 in Slings
  4144 | D:4      | Reached XP level 8. HP: 10/52 MP: 8/8
  4544 | D:5      | Entered Level 5 of the Dungeon
  4642 | D:5      | Reached skill level 9 in Slings
  4642 | D:5      | Reached skill level 5 in Dodging
  4843 | D:5      | Noticed Duvessa
  4845 | D:5      | Noticed Dowan
  4864 | D:5      | Killed Dowan
  5492 | D:5      | Found Oxisebog's Assorted Antiques.
  5495 | D:5      | Bought a scroll of identify for 66 gold pieces
  5559 | D:5      | Killed Duvessa
  5559 | D:5      | Reached skill level 10 in Slings
  5681 | D:5      | Found Paemeaba's Assorted Antiques.
  5699 | D:5      | Found Iduunet's Jewellery Shop.
  5762 | D:5      | Found a shimmering altar of Xom.
  5764 | D:5      | Found an ornate altar of the Wu Jian Council.
  5764 | D:5      | Found a hazy altar of Hepliaklqana.
  5766 | D:5      | Found a shattered altar of Ashenzari.
  5766 | D:5      | Found a shadowy altar of Dithmenos.
  5766 | D:5      | Found a radiant altar of Vehumet.
  5865 | D:5      | Found Pomu's General Store.
  6188 | D:6      | Reached skill level 1 in Shields
  6188 | D:6      | Reached XP level 9. HP: 11/57 MP: 1/9
  6197 | D:6      | Slain by a bullfrog

Skill      XL: |  1  2  3  4  5  6  7  8 |
---------------+-------------------------+-----
Slings         | 6 7 8 10 | 10.8
Fighting       | 2 3 |  3.2
Short Blades   | 1 3 4 |  4.0
Dodging        | 3 4 6 |  6.0
Throwing       | 1 2 |  2.6
Armour         | 2 |  2.4
Shields        | 1 |  1.6
Stealth        | |  1.1

Action                   |  1- 3 |  4- 6 |  7- 9 || total
-------------------------+-------+-------+-------++-------
Melee: Short sword       |    81 |   127 |   220 ||   428
 Fire: Hunting sling     |    27 |    35 |   136 ||   198
       Blowgun           |       |    16 |    27 ||    43
Throw: Stone             |       |       |     2 ||     2
  Use: Potion            |     1 |       |     4 ||     5
       Scroll            |       |       |    12 ||    12
 Stab: Sleeping          |     1 |     3 |       ||     4
  Eat: Chunk             |     1 |     5 |     7 ||    13
       Ration            |       |       |     1 ||     1
Armor: Skin              |    10 |       |       ||    10
       Leather armour    |    15 |    20 |    36 ||    71
Dodge: Dodged            |    63 |   116 |   194 ||   373
